[Event "42nd Olympiad Baku 2016 Women"]
[Site "Baku"]
[Date "2016.09.04"]
[Round "3.21"]
[White "Soondarsingh, Aditi"]
[Black "Sukhu, Gloria"]
[Result "0-1"]
[ECO "C21"]
[WhiteElo "1736"]
[BlackElo "1476"]
[Annotator ""]
[PlyCount "122"]
[EventDate "2016.??.??"]
[EventCountry "AZE"]
[SourceTitle "playchess.com"]
[Source "ChessBase"]
[WhiteTeam "TTO"]
[BlackTeam "Fiji"]
[BlackTeamCountry "FIJ"]
[TimeControl "40/5400+30:1800+30"]

1. e4 {(00:00)} e5 {(00:00)} 2. d4 {(00:00)} exd4 {
(00:00)} 3. c3 {(00:00)} Bc5 {(00:00)} 4. cxd4 {(
00:00)} Bb6 {(00:29)} 5. Nf3 {(00:21)} d6 {(00:45)} 6. Bc4
{(01:20)} Nf6 {(02:23)} 7. Bg5 {(05:28)} Nbd7 {(00:
50)} 8. e5 {(01:30)} dxe5 {(00:17)} 9. dxe5 {(00:33)}
Bxf2+ {(00:12)} 10. Kxf2 {(00:41)} Ne4+ {(00:05)} 11. Kf1
{(01:26)} Nxg5 {(00:02)} 12. Bxf7+ {(22:18)} Nxf7 13. e6
Qf6 {(01:29)} 14. exf7+ {(01:45)} Qxf7 15. Qe2+ Qe7 {(03:
05)} 16. Qc2 {(10:46)} O-O {(00:25)} 17. Nbd2 {(10:46)}
Ne5 {(04:17)} 18. Re1 {(01:27)} Bg4 {(00:41)} 19. Qc3 {
(04:55)} Rae8 {(13:03)} 20. h3 {(05:40)} Bd7 {(02:
59)} 21. Kg1 {(00:33)} Nxf3+ {(00:35)} 22. Nxf3 {(00:16)}
Qf7 {(04:10)} 23. Rxe8 {(06:32)} Bxe8 {(01:24)} 24. Qe3 {
(08:04)} Bc6 {(00:35)} 25. Kh2 {(08:02)} Bxf3 {(00:
53)} 26. gxf3 {(00:07)} Qxf3 {(00:39)} 27. Qxf3 {(02:36)}
Rxf3 {(00:03)} 28. Kg2 {(00:17)} Rf7 29. Rd1 g6 {(01:25)}
30. Rd2 {(01:11)} Kg7 {(00:33)} 31. Kg3 {(00:38)} c5 {
(00:11)} 32. Rd5 {(00:45)} Rc7 {(00:16)} 33. Kf3 {(
00:22)} b6 {(00:01)} 34. Ke4 {(00:50)} Re7+ {(00:27)} 35.
Kd3 {(00:19)} Kf6 {(00:18)} 36. a4 {(01:14)} Ke6 {(
00:06)} 37. Ke4 {(02:55)} Kf6+ {(00:05)} 38. Kf4 {(00:23)}
h6 {(00:39)} 39. h4 {(00:20)} Rf7 {(01:26)} 40. Ke4 {
(01:11)} Re7+ {(01:06)} 41. Kf4 {(30:32)} Re1 {(30:
46)} 42. Rd6+ {(00:40)} Re6 {(00:03)} 43. Rd5 {(00:00)}
Ke7 {(00:00)} 44. a5 {(00:00)} Rd6 {(00:00)} 45. Re5+ {
(00:00)} Kf6 {(00:00)} 46. axb6 axb6 47. Re4 {(00:00)} g5+
{(00:00)} 48. hxg5+ {(00:00)} hxg5+ {(00:00)} 49. Kg4 {
(00:00)} Rd4 {(00:00)} 50. Kf3 Kf5 51. Re2 {(00:00)} g4+ {
(00:00)} 52. Kg2 {(00:00)} Rd3 {(00:00)} 53. Rf2+ {
(00:00)} Ke4 {(00:00)} 54. Rf6 {(00:00)} Rb3 {(00:
00)} 55. Rf2 {(00:00)} b5 {(00:00)} 56. Rc2 {(00:00)} c4 {
(00:00)} 57. Rd2 {(00:45)} b4 {(00:00)} 58. Rc2 {(
00:44)} c3 {(00:00)} 59. bxc3 {(00:30)} Rxc3 {(00:00)} 60.
Rf2 {(02:02)} b3 {(00:00)} 61. Kf1 {(02:09)} Rc2 0-1

[Event "42nd Olympiad Baku 2016 Women"]
[Site "Baku"]
[Date "2016.09.04"]
[Round "3.13"]
[White "Sotomayor Villatoro, Silvi"]
[Black "Milovic, Aleksandra"]
[Result "0-1"]
[ECO "A40"]
[WhiteElo "1876"]
[BlackElo "2252"]
[Annotator ""]
[PlyCount "66"]
[EventDate "2016.??.??"]
[EventCountry "AZE"]
[SourceTitle "playchess.com"]
[Source "ChessBase"]
[WhiteTeam "Guatemala"]
[BlackTeam "Montenegro"]
[WhiteTeamCountry "GUA"]
[BlackTeamCountry "MNE"]
[TimeControl "40/5400+30:1800+30"]

1. d4 {(00:00)} e6 {(00:00)} 2. e3 {(00:00)} b6 {(
00:00)} 3. f4 {(00:00)} Bb7 {(00:07)} 4. Nf3 {(00:00)} f5
{(00:33)} 5. Bd3 {(01:11)} Nf6 {(00:44)} 6. O-O {(
00:08)} Nc6 {(10:43)} 7. c3 {(00:26)} Ne7 {(01:00)} 8.
Nbd2 {(01:23)} h6 {(07:04)} 9. Qe2 {(00:45)} Ne4 {(
15:35)} 10. Ne5 {(01:52)} g6 {(02:15)} 11. Bb5 {(08:33)}
c6 {(04:29)} 12. Nxe4 {(03:07)} fxe4 {(00:12)} 13. Ba4 {
(00:09)} d6 {(05:08)} 14. Ng4 {(05:12)} Bg7 {(00:
33)} 15. Nf2 {(04:57)} d5 {(01:22)} 16. Ng4 {(03:13)} Qc8
{(06:19)} 17. Re1 {(06:44)} Ba6 {(02:24)} 18. Qf2 {
(00:19)} O-O {(01:00)} 19. Qh4 {(03:56)} Nf5 {(00:
49)} 20. Qh3 {(00:56)} Kh7 {(05:50)} 21. Bd1 {(01:38)} c5
{(02:06)} 22. Ne5 {(00:28)} Qd8 {(03:31)} 23. Bg4 {
(16:49)} Bxe5 {(03:47)} 24. fxe5 {(01:29)} Qg5 {(
01:45)} 25. b3 {(07:29)} h5 {(03:32)} 26. Be2 {(02:03)}
Bxe2 {(08:14)} 27. Rxe2 {(00:02)} Ng7 {(01:50)} 28. Ba3 {
(02:48)} Rf3 {(00:37)} 29. g3 {(03:55)} cxd4 {(00:
04)} 30. cxd4 {(08:20)} Rc8 {(00:14)} 31. Rc1 {(02:58)}
Rxe3 {(01:46)} 32. Rxc8 {(00:46)} Rxe2 {(00:05)} 33. Bc1 {
(00:40)} Re1+ {(00:21)} 0-1

[Event "42nd Olympiad Baku 2016 Women"]
[Site "Baku"]
[Date "2016.09.04"]
[Round "3.20"]
[White "Soumya, Swaminathan"]
[Black "Secopito, Catherine"]
[Result "1-0"]
[ECO "C42"]
[WhiteElo "2379"]
[BlackElo "2119"]
[Annotator ""]
[PlyCount "89"]
[EventDate "2016.??.??"]
[EventCountry "AZE"]
[SourceTitle "playchess.com"]
[Source "ChessBase"]
[WhiteTeam "India"]
[BlackTeam "Philippines"]
[WhiteTeamCountry "IND"]
[BlackTeamCountry "PHI"]
[TimeControl "40/5400+30:1800+30"]

1. e4 {(00:00)} e5 {(00:00)} 2. Nf3 {(00:00)} Nf6 {
(00:00)} 3. Nxe5 {(00:13)} d6 {(00:07)} 4. Nf3 {(
00:05)} Nxe4 {(00:17)} 5. c4 {(00:15)} Be7 {(03:46)} 6. d4
{(03:17)} O-O {(04:59)} 7. Bd3 {(00:41)} d5 {(04:
24)} 8. O-O {(13:56)} Be6 {(03:20)} 9. Re1 {(09:54)} f5 {
(18:16)} 10. Qc2 {(12:38)} Nc6 {(03:55)} 11. a3 {(
00:03)} Bf6 {(01:31)} 12. cxd5 {(06:02)} Bxd5 {(02:08)}
13. Be3 {(01:11)} Qd6 {(14:57)} 14. Nc3 {(08:26)} Nxc3 {
(02:10)} 15. bxc3 {(00:02)} g6 {(00:14)} 16. Bh6 {(
01:28)} Rfe8 {(01:37)} 17. Nd2 {(00:55)} Bg7 {(07:23)} 18.
Nc4 {(02:42)} Qf6 {(02:13)} 19. Bxg7 {(09:57)} Kxg7 {
(01:11)} 20. f4 {(07:55)} Qf7 {(13:08)} 21. Ne5 {(
00:53)} Nxe5 {(00:16)} 22. fxe5 {(00:44)} Bc4 {(02:40)}
23. Rab1 {(00:37)} Bxd3 {(03:39)} 24. Qxd3 {(00:03)} c6 {
(00:02)} 25. c4 {(00:29)} Rad8 {(00:15)} 26. Qc3 {(
01:04)} Re6 {(01:21)} 27. Rbd1 {(07:08)} Qc7 {(02:29)} 28.
Qb2 {(00:02)} Kg8 {(01:01)} 29. Rd2 {(04:06)} Rde8 {
(01:23)} 30. Rde2 {(00:03)} R8e7 {(00:46)} 31. Kh1 {
(00:56)} Rd7 {(01:12)} 32. Rd2 {(03:18)} Rde7 {(00:
02)} 33. Rde2 {(00:13)} Rd7 {(00:10)} 34. h3 {(00:49)} Kf7
{(03:04)} 35. Rd1 {(01:17)} Qa5 {(01:54)} 36. d5 {(
00:23)} cxd5 {(01:19)} 37. cxd5 {(00:03)} Ke8 {(00:38)}
38. Qb3 {(00:56)} Rb6 {(00:30)} 39. Qc4 {(02:12)} Qb5 {
(00:08)} 40. Qa2 {(00:00)} Qb3 {(00:00)} 41. Qd2 {(
10:30)} Qxa3 {(10:26)} 42. e6 {(00:40)} Rd8 {(06:39)} 43.
Qd4 {(01:53)} Ke7 {(00:20)} 44. Qh4+ {(00:38)} Ke8 {
(01:21)} 45. Qxh7 {(00:13)} 1-0

[Event "42nd Olympiad Baku 2016 Women"]
[Site "Baku"]
[Date "2016.09.04"]
[Round "3.9"]
[White "Steil-Antoni, Fiona"]
[Black "Sihite, Chelsie Monica Igne"]
[Result "1/2-1/2"]
[ECO "C24"]
[WhiteElo "2159"]
[BlackElo "2199"]
[Annotator ""]
[PlyCount "139"]
[EventDate "2016.??.??"]
[EventCountry "AZE"]
[SourceTitle "playchess.com"]
[Source "ChessBase"]
[WhiteTeam "Luxembourg"]
[BlackTeam "Indonesia"]
[WhiteTeamCountry "LUX"]
[BlackTeamCountry "INA"]
[TimeControl "40/5400+30:1800+30"]

1. e4 {(00:00)} e5 {(00:00)} 2. Bc4 {(00:00)} Nf6 {
(02:10)} 3. d3 {(00:00)} c6 {(00:09)} 4. Nf3 {(02:
28)} Be7 {(02:09)} 5. Nc3 {(02:22)} d6 {(00:45)} 6. O-O {
(06:31)} O-O {(01:36)} 7. Bb3 {(01:58)} a5 {(05:35]
} 8. a3 {(02:56)} Qc7 {(04:08)} 9. h3 {(06:43)} b5 {
(01:31)} 10. Nh2 {(07:32)} Na6 {(02:48)} 11. f4 {(
01:44)} b4 {(05:43)} 12. axb4 {(05:10)} axb4 {(00:06)} 13.
Ne2 {(01:04)} Bb7 {(01:26)} 14. g4 {(06:19)} Nc5 {(
01:12)} 15. Rxa8 {(00:56)} Rxa8 {(01:32)} 16. g5 {(05:21)}
Nfd7 {(06:04)} 17. f5 {(03:45)} Nxb3 {(00:41)} 18. cxb3 {
(00:51)} Qb6+ {(04:47)} 19. Kh1 {(01:13)} f6 {(10:
47)} 20. g6 {(05:53)} h6 {(07:24)} 21. Qe1 {(02:02)} Ra1 {
(00:44)} 22. Qh4 {(05:36)} Bf8 {(00:56)} 23. Ng4 {(
02:52)} Rxc1 {(12:49)} 24. Rxc1 {(01:04)} Ba6 {(00:31)}
25. Rg1 {(08:49)} Bxd3 {(05:33)} 26. Nxh6+ {(05:02)} gxh6
{(00:03)} 27. g7 {(00:39)} Qe3 {(04:26)} 28. gxf8=Q+ {
(03:12)} Kxf8 {(00:01)} 29. Ng3 {(05:53)} Ke7 {(00:
09)} 30. Kh2 {(00:46)} Qd2+ {(02:42)} 31. Rg2 {(00:33)}
Qg5 {(00:04)} 32. Qh5 {(03:49)} Nc5 {(01:29)} 33. Qd1 {
(01:34)} Qf4 {(02:10)} 34. Kg1 {(01:44)} d5 {(01:
30)} 35. exd5 {(00:24)} cxd5 {(00:13)} 36. Qa1 {(00:20)}
Qe3+ {(02:41)} 37. Kh2 {(00:02)} Nd7 {(03:17)} 38. Qa8 {
(00:29)} Qf3 {(02:22)} 39. Qg8 {(00:41)} Kd6 {(01:
35)} 40. Qe6+ {(00:00)} Kc7 {(00:00)} 41. Qe7 {(06:37)}
Qf4 {(02:43)} 42. Kg1 {(04:29)} h5 {(11:00)} 43. Nxh5 {
(04:01)} Qf1+ {(00:18)} 44. Kh2 {(00:45)} Be4 {(00:
07)} 45. Qg7 {(04:11)} Bxg2 {(01:18)} 46. Qxg2 {(00:05)}
Qxf5 {(00:25)} 47. Ng3 {(01:24)} Qd3 {(01:12)} 48. Qf2 {
(01:29)} Kd6 {(03:45)} 49. h4 {(02:29)} Ke6 {(00:
20)} 50. h5 {(01:33)} f5 {(01:35)} 51. Qg2 {(00:50)} Nf6 {
(00:58)} 52. Qg1 {(03:31)} Qd2+ {(07:50)} 53. Kh3 {
(00:45)} d4 {(00:42)} 54. Qa1 {(01:32)} Qg5 {(01:
39)} 55. Qa6+ {(00:29)} Kf7 {(00:22)} 56. Qb7+ {(00:38)}
Kg8 {(03:38)} 57. Qb8+ {(01:12)} Kh7 {(00:49)} 58. Qxe5 {
(00:03)} Qg4+ {(00:18)} 59. Kg2 {(01:08)} f4 {(00:
35)} 60. Qe7+ {(01:06)} Kg8 {(00:01)} 61. Qxf6 {(00:58)}
Qxg3+ {(00:05)} 62. Kf1 {(00:22)} d3 {(01:26)} 63. Qe6+ {
(02:03)} Kf8 {(00:50)} 64. Qf6+ {(00:28)} Kg8 {(00:
08)} 65. Qe6+ {(00:34)} Kg7 {(00:10)} 66. Qe7+ {(00:41)}
Kh6 {(00:29)} 67. Qf6+ {(00:21)} Kh7 {(00:40)} 68. Qh6+ {
(00:33)} Kg8 {(00:09)} 69. Qe6+ {(00:17)} Kh7 {(00:
04)} 70. Qh6+ 1/2-1/2

[Event "42nd Olympiad Baku 2016 Women"]
[Site "Baku"]
[Date "2016.09.04"]
[Round "3.18"]
[White "Sultana, Sharmin Shirin"]
[Black "Larrea, Daniela"]
[Result "1/2-1/2"]
[ECO "E33"]
[WhiteElo "2002"]
[BlackElo "1778"]
[Annotator ""]
[PlyCount "62"]
[EventDate "2016.??.??"]
[EventCountry "AZE"]
[SourceTitle "playchess.com"]
[Source "ChessBase"]
[WhiteTeam "Bangladesh"]
[BlackTeam "Uruguay"]
[WhiteTeamCountry "BAN"]
[BlackTeamCountry "URU"]
[TimeControl "40/5400+30:1800+30"]

1. d4 {(00:00)} Nf6 {(00:00)} 2. Nf3 {(00:00)} e6 {
(00:04)} 3. c4 {(00:19)} Nc6 {(00:16)} 4. Nc3 {(00:
39)} Bb4 {(00:12)} 5. Qc2 {(03:40)} d6 {(02:35)} 6. a3 {
(07:42)} Bxc3+ {(00:17)} 7. Qxc3 {(05:09)} O-O {(
06:35)} 8. Qc2 {(05:28)} a5 {(06:40)} 9. Bg5 {(03:54)} e5
{(05:25)} 10. Rd1 {(13:17)} Qe7 {(06:16)} 11. d5 {(
07:20)} Nb8 {(00:32)} 12. e4 {(02:19)} Nbd7 {(04:46)} 13.
Be2 {(01:41)} a4 {(06:45)} 14. Nd2 {(08:35)} h6 {(
02:10)} 15. Be3 {(01:19)} b6 {(02:13)} 16. O-O {(05:23)}
Nc5 {(02:27)} 17. Ra1 {(08:45)} Ng4 {(10:38)} 18. Bxg4 {
(00:17)} Bxg4 {(00:06)} 19. f3 {(00:43)} Bd7 {(03:
50)} 20. Rae1 {(07:30)} f5 {(05:09)} 21. exf5 {(03:03)}
Bxf5 {(02:14)} 22. Ne4 {(00:21)} Nxe4 {(12:08)} 23. fxe4 {
(00:02)} Bd7 {(00:10)} 24. Qe2 {(02:56)} Rxf1+ {(
05:17)} 25. Rxf1 {(00:04)} Rf8 {(00:12)} 26. Rxf8+ {(07:
06)} Kxf8 {(01:25)} 27. Qh5 {(01:46)} Qf7 {(02:40)} 28.
Qh4 {(01:05)} Qe7 {(00:18)} 29. Qh5 {(01:07)} Qf7 {
(00:05)} 30. Qh4 {(00:12)} Qe7 {(00:06)} 31. Qh5 {(
01:42)} Qf7 {(00:06)} 1/2-1/2

[Event "42nd Olympiad Baku 2016 Women"]
[Site "Baku"]
[Date "2016.09.04"]
[Round "3.20"]
[White "Sultana, Zakia"]
[Black "Perez, Cecilia Manuela"]
[Result "1/2-1/2"]
[ECO "A81"]
[WhiteElo "1885"]
[BlackElo "1621"]
[Annotator ""]
[PlyCount "89"]
[EventDate "2016.??.??"]
[EventCountry "AZE"]
[SourceTitle "playchess.com"]
[Source "ChessBase"]
[WhiteTeam "Bangladesh"]
[BlackTeam "Uruguay"]
[WhiteTeamCountry "BAN"]
[BlackTeamCountry "URU"]
[TimeControl "40/5400+30:1800+30"]

1. d4 {(00:00)} f5 2. g3 {(00:28)} Nf6 {(00:45)} 3. Bg2 {
(00:11)} e6 {(01:17)} 4. Nf3 {(01:34)} d5 {(01:49)}
5. O-O {(04:03)} c6 {(02:26)} 6. e3 {(01:34)} Bd6 {
(01:21)} 7. Nbd2 {(03:17)} O-O {(01:54)} 8. c4 {(
00:57)} Bd7 {(04:31)} 9. Qb3 {(07:55)} b6 {(09:39)} 10.
Qc2 {(04:02)} Be8 {(09:42)} 11. b3 {(10:11)} Ne4 {(
10:28)} 12. Bb2 {(01:25)} g5 {(13:29)} 13. Nxe4 {(06:06)}
fxe4 {(04:19)} 14. Ne5 {(02:01)} Bxe5 {(03:52)} 15. dxe5 {
(00:19)} Bh5 {(00:18)} 16. Bh3 {(05:13)} Qe8 {(02:
05)} 17. cxd5 {(01:36)} cxd5 {(03:26)} 18. Rac1 {(04:44)}
Na6 {(06:04)} 19. Qc6 {(02:55)} Nc5 {(01:23)} 20. Qxe8 {
(00:43)} Raxe8 {(00:02)} 21. Ba3 {(00:46)} g4 {(02:
57)} 22. Bg2 {(00:52)} Rc8 {(00:07)} 23. h3 {(04:24)} Rfd8
{(04:16)} 24. Bxc5 {(04:50)} bxc5 {(01:20)} 25. Rc2 {
(03:17)} Rc6 {(03:18)} 26. Rfc1 {(00:30)} Rdc8 {(
00:10)} 27. hxg4 {(01:45)} Bxg4 {(00:02)} 28. Bf1 {(00:15]
} a6 {(02:17)} 29. Kg2 {(09:10)} Kf7 {(01:05)} 30. Be2 {
(00:24)} Bxe2 {(00:30)} 31. Rxe2 {(00:07)} Kg6 {(
00:10)} 32. Rh1 {(03:18)} R8c7 {(02:15)} 33. Ree1 {(02:26]
} Kf5 {(00:23)} 34. Rh5+ {(00:25)} Kg6 {(00:34)} 35. Reh1
{(00:10)} Rg7 {(01:39)} 36. Rh6+ {(05:24)} Kf5 {(
01:43)} 37. R1h5+ {(01:07)} Rg5 {(01:22)} 38. Rxh7 {(00:
45)} Rxh5 {(01:19)} 39. Rxh5+ {(00:11)} Kg6 {(00:09)} 40.
Rh1 {(00:00)} c4 {(00:00)} 41. bxc4 {(01:19)} Rxc4 {
(00:56)} 42. g4 {(01:08)} Rc2 {(00:41)} 43. a4 {(
06:08)} Ra2 {(02:10)} 44. Rb1 {(01:52)} Rxa4 {(01:00)} 45.
Rb6 1/2-1/2

[Event "42nd Olympiad Baku 2016 Women"]
[Site "Baku"]
[Date "2016.09.04"]
[Round "3.15"]
[White "Szczepkowska-Horowska, Karina"]
[Black "Mammadova, Gulnar"]
[Result "1/2-1/2"]
[ECO "C06"]
[WhiteElo "2409"]
[BlackElo "2304"]
[Annotator ""]
[PlyCount "79"]
[EventDate "2016.??.??"]
[EventCountry "AZE"]
[SourceTitle "playchess.com"]
[Source "ChessBase"]
[WhiteTeam "Poland"]
[BlackTeam "Azerbaijan"]
[WhiteTeamCountry "POL"]
[BlackTeamCountry "AZE"]
[TimeControl "40/5400+30:1800+30"]

1. e4 {(00:00)} e6 {(00:00)} 2. d4 {(00:00)} d5 {(
00:00)} 3. Nd2 {(00:00)} Nf6 {(00:11)} 4. e5 {(00:40)}
Nfd7 {(00:14)} 5. Bd3 {(00:39)} c5 {(00:15)} 6. c3 {
(00:05)} Nc6 {(00:04)} 7. Ne2 {(00:42)} cxd4 {(00:
22)} 8. cxd4 {(00:07)} f6 {(00:12)} 9. exf6 {(01:43)} Nxf6
{(00:20)} 10. O-O {(00:27)} Bd6 {(01:20)} 11. Nf3 {
(01:30)} Qc7 {(00:16)} 12. Bg5 {(00:22)} O-O {(00:
34)} 13. Bh4 {(00:36)} Nh5 {(05:28)} 14. Qc2 {(00:06)} h6
{(00:35)} 15. Bh7+ {(00:08)} Kh8 {(00:09)} 16. Bg6 {
(00:05)} Nf4 {(01:49)} 17. Nxf4 {(04:15)} Bxf4 {(
01:42)} 18. Bg3 {(04:31)} Bd7 {(04:57)} 19. Rfe1 {(13:10)}
Rac8 {(05:30)} 20. Rad1 {(06:32)} Bxg3 {(07:36)} 21. hxg3
{(00:14)} Rf6 {(01:30)} 22. Re3 {(08:26)} Qb8 {(12:
17)} 23. Qb1 {(01:42)} Rcf8 {(04:20)} 24. Rd2 {(01:30)}
Be8 {(03:01)} 25. Bxe8 {(01:50)} Qxe8 {(00:28)} 26. Qe1 {
(05:59)} Qf7 {(04:42)} 27. Rde2 {(04:11)} Re8 {(02:
50)} 28. Ne5 {(01:23)} Nxe5 {(03:05)} 29. Rxe5 {(00:06)}
Qd7 {(00:21)} 30. b3 {(04:06)} b6 {(10:00)} 31. R5e3 {
(00:29)} a5 {(02:57)} 32. Rc3 {(04:12)} Rc8 {(02:
14)} 33. Rec2 {(00:29)} Rff8 {(00:55)} 34. Qc1 {(01:11)}
Rxc3 {(00:42)} 35. Rxc3 {(00:02)} Qf7 {(04:58)} 36. Rf3 {
(02:47)} Qe7 {(01:45)} 37. Re3 {(07:45)} Qf6 {(01:
05)} 38. Rf3 {(03:02)} Qe7 {(00:11)} 39. Re3 {(07:45)} Qf6
{(00:22)} 40. Rf3 {(00:00)} 1/2-1/2

[Event "42nd Olympiad Baku 2016 Women"]
[Site "Baku"]
[Date "2016.09.04"]
[Round "3.9"]
[White "Szekely, Olga"]
[Black "Cho, Hung-Ling"]
[Result "1-0"]
[ECO "C61"]
[WhiteElo "1754"]
[BlackElo "1515"]
[Annotator ""]
[PlyCount "104"]
[EventDate "2016.??.??"]
[EventCountry "AZE"]
[SourceTitle "playchess.com"]
[Source "ChessBase"]
[WhiteTeam "GUM"]
[BlackTeam "TPE"]
[BlackTeamCountry "TPE"]
[TimeControl "40/5400+30:1800+30"]

1. e4 {(00:00)} e5 {(00:00)} 2. Nf3 {(00:00)} Nc6 {
(00:00)} 3. Bb5 {(00:12)} Nd4 {(00:16)} 4. Nxd4 {(
00:41)} exd4 {(00:07)} 5. O-O {(00:37)} c6 {(01:01)} 6.
Bc4 {(02:01)} Nf6 {(00:46)} 7. e5 {(03:09)} Ne4 {(
13:49)} 8. d3 {(07:24)} Nc5 {(01:09)} 9. Qf3 {(06:17)} Ne6
{(02:01)} 10. c3 {(01:15)} Bc5 {(01:28)} 11. Bxe6 {
(06:19)} dxe6 {(01:02)} 12. Nd2 {(02:42)} O-O {(05:
00)} 13. Ne4 {(00:24)} Be7 {(04:20)} 14. Qg3 {(05:23)} Kh8
{(03:02)} 15. Bf4 {(05:09)} Bh4 {(12:21)} 16. Qh3 {
(04:19)} f5 {(03:03)} 17. Nd6 {(11:30)} g5 {(13:32]
} 18. Bg3 {(08:48)} Bxg3 {(12:26)} 19. Qxg3 {(00:17)} c5 {
(03:13)} 20. cxd4 {(00:36)} cxd4 {(00:27)} 21. Rac1 {
(00:51)} g4 {(06:51)} 22. Rc4 {(05:27)} b6 {(03:40]
} 23. Rxd4 {(01:04)} Qg5 {(00:13)} 24. h4 {(01:50)} Qh5 {
(00:55)} 25. f3 {(08:50)} gxf3 {(05:17)} 26. Qxf3 {
(00:54)} Qxf3 {(02:24)} 27. Rxf3 {(00:38)} Bd7 {(
02:31)} 28. Kh2 {(01:29)} Bc6 {(00:24)} 29. Rf2 {(06:12)}
Bd5 {(00:38)} 30. b3 {(00:41)} h6 {(00:55)} 31. Rdf4 {
(00:52)} Kh7 {(01:19)} 32. g4 {(00:50)} Rg8 {(01:
01)} 33. gxf5 {(00:53)} exf5 {(00:03)} 34. Rxf5 Rg4 35. R5f4 {
(03:23)} Rag8 {(00:43)} 36. Rxg4 {(00:18)} Rxg4 {(
00:03)} 37. Nf5 {(02:19)} Be6 {(00:11)} 38. d4 {(02:05)}
Kg6 {(00:45)} 39. Ne7+ {(01:08)} Kh5 {(01:41)} 40. d5 {
(01:02)} Rxh4+ {(00:33)} 41. Kg3 {(00:29)} Bg4 {(
07:35)} 42. e6 {(05:45)} Kg5 {(01:15)} 43. Ng8 {(04:33)}
Rh3+ {(04:45)} 44. Kg2 {(00:27)} Rd3 {(03:06)} 45. e7 {
(01:38)} Bh5 {(06:21)} 46. Nf6 {(01:54)} Bg6 {(00:
58)} 47. d6 {(05:39)} Kh4 {(09:44)} 48. e8=Q {(05:31)}
Bxe8 {(00:33)} 49. Nxe8 {(00:08)} Rg3+ {(00:26)} 50. Kf1 {
(00:30)} Rd3 {(00:24)} 51. Ke2 {(00:33)} Rd5 {(00:
14)} 52. Rf3 {(03:54)} Kg4 {(00:33)} 1-0

[Event "42nd Olympiad Baku 2016 Women"]
[Site "Baku"]
[Date "2016.09.04"]
[Round "3.9"]
[White "Theissl Pokorna, Regina"]
[Black "Baklanova, Tatiana"]
[Result "1/2-1/2"]
[ECO "B32"]
[WhiteElo "2331"]
[BlackElo "2200"]
[Annotator ""]
[PlyCount "114"]
[EventDate "2016.??.??"]
[EventCountry "AZE"]
[SourceTitle "playchess.com"]
[Source "ChessBase"]
[WhiteTeam "AUT"]
[BlackTeam "ICCD"]
[WhiteTeamCountry "AUT"]
[BlackTeamCountry "UKR"]
[TimeControl "40/5400+30:1800+30"]

1. e4 {(00:00)} c5 {(00:00)} 2. Nf3 {(00:00)} Nc6 {
(00:00)} 3. d4 {(00:00)} cxd4 {(00:00)} 4. Nxd4 {(
00:01)} e5 {(00:00)} 5. Nb5 {(00:25)} a6 {(00:00)} 6. Nd6+
{(00:49)} Bxd6 {(00:00)} 7. Qxd6 {(00:04)} Qe7 {(
00:00)} 8. Qd1 {(09:58)} Nf6 {(00:08)} 9. Bd3 {(01:02)} d5
{(13:38)} 10. exd5 {(00:34)} Nxd5 {(00:36)} 11. O-O {
(02:55)} Be6 {(02:17)} 12. c3 {(07:23)} O-O {(12:
35)} 13. Na3 {(09:45)} f5 {(07:48)} 14. f4 {(28:58)} e4 {
(22:10)} 15. Bc4 {(06:05)} Qc5+ {(11:45)} 16. Kh1 {
(01:01)} Rfd8 {(05:24)} 17. Qe2 {(02:36)} b5 {(01:
58)} 18. Bxd5 {(04:55)} Rxd5 {(02:12)} 19. Be3 {(00:09)}
Qe7 {(01:47)} 20. Nc2 {(06:00)} Rd3 {(02:45)} 21. Qf2 {
(00:35)} Rad8 {(02:53)} 22. h3 {(02:27)} Bc4 {(00:
10)} 23. Rfe1 {(00:36)} Qf7 {(05:10)} 24. a4 {(05:03)}
bxa4 {(00:59)} 25. Rxa4 {(00:09)} Bb5 {(00:04)} 26. Raa1 {
(02:30)} Qb3 {(01:23)} 27. Nd4 {(01:18)} Nxd4 {(00:
20)} 28. Bxd4 {(02:02)} Qd5 {(00:16)} 29. Be3 {(03:45)} h6
{(00:18)} 30. Kh2 {(01:34)} Rb8 {(00:28)} 31. Bd4 {
(00:39)} Bc4 {(01:12)} 32. Re3 {(01:30)} Rxe3 {(00:
46)} 33. Bxe3 {(00:05)} Qd3 {(00:18)} 34. Bd4 {(01:05)}
Re8 {(00:16)} 35. Re1 {(00:14)} Re6 {(05:11)} 36. Re3 {
(00:16)} Qf1 {(00:13)} 37. Qxf1 {(01:05)} Bxf1 {(
00:06)} 38. Kg1 {(00:15)} Bc4 {(00:09)} 39. Kf2 {(00:27)}
Kf7 {(00:11)} 40. Re1 {(00:00)} g5 {(00:00)} 41. g3 {
(03:58)} Rg6 {(04:00)} 42. Ra1 {(02:54)} Rd6 {(14:
48)} 43. Ra5 {(01:54)} Rd5 {(01:10)} 44. Rxd5 {(09:36)}
Bxd5 {(00:04)} 45. fxg5 {(00:04)} hxg5 {(00:06)} 46. Be3 {
(02:41)} Kg6 {(02:50)} 47. h4 {(00:09)} f4 {(01:19]
} 48. h5+ {(06:57)} Kf5 {(03:13)} 49. gxf4 {(00:06)} gxf4
{(00:09)} 50. Bc1 {(00:18)} e3+ {(02:14)} 51. Bxe3 {
(00:05)} fxe3+ {(00:02)} 52. Kxe3 {(00:07)} Ke5 {(
04:10)} 53. Kd3 {(00:26)} Bg8 {(01:50)} 54. c4 {(00:31)}
Bh7+ {(00:50)} 55. Kc3 {(00:06)} a5 {(00:10)} 56. b4 {
(02:44)} axb4+ {(00:05)} 57. Kxb4 {(00:06)} Kd6 {(
00:09)} 1/2-1/2